 Dungeon Crawl Stone Soup version 0.20.1-1-g8b1a95d (webtiles) character file.

42 Saithnar the Vexing (level 3, -3/26 HPs)
             Began as a Formicid Arcane Marksman on Aug 18, 2017.
             Slain by an adder (4 damage)
             ... on level 2 of the Dungeon.
             The game lasted 00:04:15 (872 turns).

Saithnar the Vexing (Formicid Arcane Marksman)       Turns: 872, Time: 00:04:15

Health: -3/26      AC:  2    Str: 14    XL:     3   Next: 77%
Magic:  4/4        EV: 12    Int: 12    God:
Gold:   50         SH:  0    Dex: 12    Spells: 3/4 levels left

rFire    . . .     SeeInvis +   l - +0 hunting sling
rCold    . . .     Gourm    .   (no shield)
rNeg     . . .     Faith    .   e - +0 robe
rPois    .         Spirit   .   (helmet unavailable)
rElec    .         Reflect  .   (no cloak)
rCorr    .         Harm     .   (no gloves)
MR       .....                  (no boots)
Stlth    +.........             (no amulet)
Regen    0.1/turn               (no ring)
MPRegen  0.1/turn               (no ring)

@: lethally poisoned (-3 -> -8)
A: permanent stasis, dig shafts and tunnels, four strong arms, antennae 3
a: Dig, Shaft Self


You were on level 2 of the Dungeon.
You were not hungry.

You visited 1 branch of the dungeon, and saw 2 of its levels.

You collected 50 gold pieces.

Inventory:

Hand Weapons
 a - a +0 hunting sling
 l - a +0 hunting sling (weapon)
Missiles
 d - 9 sling bullets (quivered)
 i - 50 stones
Armour
 e - a +0 robe (worn)
Scrolls
 j - 2 scrolls of remove curse
 k - 2 scrolls of identify {unknown}
Potions
 h - a potion of degeneration {unknown}
 m - a potion of lignification {unknown}
Books
 c - a book of Debilitation

   Spells                             Type                      Level
   a - Corona                         Hexes                        1
   b - Slow                           Hexes                        2
   c - Inner Flame                    Hexes/Fire                   3
   d - Portal Projectile              Hexes/Translocation          3
   e - Cause Fear                     Hexes                        4
   f - Leda's Liquefaction            Hexes/Earth                  4
Comestibles
 b - 2 fruits
 f - a bread ration
 g - 2 meat rations


   Skills:
 + Level 1.4 Fighting
 + Level 3.3 Slings
 + Level 1.9 Dodging
 + Level 0.3 Stealth
 + Level 1.1 Spellcasting
 + Level 4.2 Hexes


You had 3 spell levels left.
You knew the following spells:

 Your Spells              Type           Power        Failure   Level  Hunger
a - Corona                Hex            ##.....      5%          1    ##.....


Dungeon Overview and Level Annotations

Branches:
Dungeon (2/15)

Altars:


Innate Abilities, Weirdness & Mutations

You cannot be hasted, slowed, berserked, paralysed or teleported.
You can dig through walls and to a lower floor.
Your four strong arms can wield two-handed weapons with a shield.
You have a pair of large antennae on your head. (SInv)


Message History

* * * LOW HITPOINT WARNING * * *
You are lethally poisoned!
The adder poisons you! The adder closely misses you.
Really attack while wielding your +0 hunting sling? [Y]es or [N]o only, please.
Really attack while wielding your +0 hunting sling? [Y]es or [N]o only, please.
Really attack while wielding your +0 hunting sling?
Okay, then.
Unknown command.
* * * LOW HITPOINT WARNING * * *
You feel sick.
* * * LOW HITPOINT WARNING * * *
You feel sick. The adder closely misses you. The adder misses you.
The adder bites you but does no damage. The adder barely misses you.
The hobgoblin closely misses you. The adder bites you.
* * * LOW HITPOINT WARNING * * *
The adder barely misses you. The hobgoblin misses you.
The adder barely misses you. The adder bites you.
You die...

######...###.##..#..#.#
####.............#..#..#.#
.S...?..............#..#.#
#.............##.<..†.#
####g#...#.#..g.(.....#
#.#...#.######.....#
#.#?(.#.# #.....###
#.#.gS#.# #......(.
#...S@..# ###.#.##(
####g#### #.#.# ....#
#...... ........ .##.##.
#...#...... ## #.#
...........# #..
#.#.#.#..[## #### .# #..
...#


You could see 2 adders, a hobgoblin and a goblin.

Vanquished Creatures
  An ooze (D:1)
  A worm (D:2)
  A dart slug (D:1)
  A leopard gecko (D:2)
  2 giant cockroaches
  3 goblins
  4 hobgoblins
  4 jackals (D:1)
  A quokka (D:2)
  A ball python (D:2)
  3 bats
  3 frilled lizards (D:1)
  3 kobolds (D:1)
  A rat (D:1)
29 creatures vanquished.

Notes
Turn   | Place    | Note
-------+----------+-------------------------------------------
     0 | D:1      | Saithnar the Formicid Arcane Marksman began the quest for the Orb.
     0 | D:1      | Reached XP level 1. HP: 15/15 MP: 2/2
    82 | D:1      | Reached XP level 2. HP: 21/21 MP: 3/3
    86 | D:1      | Reached skill level 4 in Hexes
   361 | D:1      | Reached XP level 3. HP: 24/26 MP: 4/4
   871 | D:2      | HP: 1/26 [adder (2)]
   872 | D:2      | Slain by an adder

Skill      XL: |  1  2 |
---------------+-------+-----
Hexes          | 4 |  4.2
Slings         | 3 |  3.3
Fighting       | |  1.4
Dodging        | |  1.9
Stealth        | |  0.3
Spellcasting   | |  1.1

Action                   || total
-------------------------++-------
 Fire: Hunting sling     ||    73
 Abil: Dig               ||     1
  Use: Scroll            ||     1
Armor: Robe              ||     5
Dodge: Dodged            ||    47
